 Dungeon Crawl Stone Soup version 0.22-a0-480-g991dd4b (webtiles) character file.

296 Laiders72 the Caller (level 6, -2/34 HPs)
             Began as a Deep Elf Summoner on June 15, 2018.
             Slain by an ogre
             ... wielding a +0 giant club
              (26 damage)
             ... on level 4 of the Dungeon.
             The game lasted 00:10:43 (3099 turns).

Laiders72 the Caller (Deep Elf Summoner)            Turns: 3099, Time: 00:10:44

Health: -2/34      AC:  2    Str:  5    XL:     6   Next: 12%
Magic:  5/15       EV: 13    Int: 22    God:
Gold:   150        SH:  3    Dex: 15    Spells: 1/15 levels left

rFire    . . .     SeeInvis .   d - +0 trident
rCold    . . .     Gourm    .   e - +0 buckler (curse)
rNeg     . . .     Faith    .   a - +0 robe
rPois    .         Spirit   .   (no helmet)
rElec    .         Reflect  .   (no cloak)
rCorr    .         Harm     .   (no gloves)
MR       .....                  (no boots)
Stlth    +++.......             (no amulet)
HPRegen  0.11/turn              (no ring)
MPRegen  0.14/turn              (no ring)

@: no status effects
A: no striking features
a: no special abilities


You were on level 4 of the Dungeon.
You were not hungry.

You visited 1 branch of the dungeon, and saw 4 of its levels.

You collected 150 gold pieces.

Inventory:

Hand Weapons
 d - a +0 trident (weapon)
Missiles
 k - 44 arrows
Armour
 a - a +0 robe (worn)
 e - a cursed +0 buckler (worn)
Jewellery
 j - an uncursed amulet of the acrobat {unknown}
Scrolls
 b - a scroll of remove curse
 h - a scroll of blinking {unknown}
 m - 3 scrolls of identify
Potions
 f - a potion of cancellation
 g - a potion of might {unknown}
 i - a potion of invisibility {unknown}
Comestibles
 c - 7 rations


   Skills:
 + Level 1.4 Fighting
 + Level 3.6 Dodging
 + Level 3.8 Stealth
 + Level 0.2 Shields
 * Level 5.3 Spellcasting
 * Level 5.5 Summonings
 + Level 0.5 Ice Magic
 + Level 0.5 Air Magic


You had one spell level left.
You knew the following spells:

 Your Spells              Type           Power        Failure   Level  Hunger
a - Summon Small Mammal   Summ           ####         1%          1    None
b - Call Imp              Summ           ####....     2%          2    None
c - Call Canine Familiar  Summ           ####....     4%          3    ##.....
d - Summon Ice Beast      Ice/Summ       ###.....     41%         4    ####...
e - Summon Lightning Spi  Summ/Air       ###.....     41%         4    ####...

Your spell library contained the following spells:

 Spells                   Type           Power        Failure   Level  Hunger
 Summon Guardian Golem    Hex/Summ       ###.....     16%         3    ##.....


Dungeon Overview and Level Annotations

Branches:
Dungeon (4/15)
 Temple: D:4-7

Altars:


Message History

The orc priest shouts!
The orc priest invokes the aid of Beogh against you.
Pain shoots through your body!
Your crimson imp blinks!
Your crimson imp blinks!
Your crimson imp blinks!
The orc priest hits you with a mace!
Your crimson imp hits the ogre.
Your white imp hits the orc priest.
The orc priest dies!
Your crimson imp blinks!
The ogre hits your white imp with a giant club!!
Your white imp dies!
Your crimson imp completely misses the ogre.
Casting: Call Imp (safe; 2% risk of failure)
Confirm with . or Enter, or press ? or * to list all spells.
Casting: Summon Small Mammal (safe; 1% risk of failure)
Confirm with . or Enter, or press ? or * to list all spells.
The ogre hits you with a giant club!!
Ouch! That really hurt!
You die...

##.#..## ......##
#......#### ..5......
.)(<..#### #.5.......
#.O)..# # #.@#######.
#.#.r........
#..r..####### ##..#.#
# #..#.####
#....#....#
#.#######.# #
#....#.)..#
#.#######..#.<.#####.


You could see an ogre, 2 friendly crimson imps and 2 friendly quokkas.

Vanquished Creatures
  A ball python (D:4)
  7 bats (D:3)
  A frilled lizard (D:3)
  A rat (D:3)
10 creatures vanquished.

Vanquished Creatures (collateral kills)
  A phantom (D:3)
  A centaur (D:4)
  The ghost of Laiders72 the Caller, an amateur DESu (D:3)
  A scorpion (D:4)
  A howler monkey (D:4)
  A vampire bat (D:3)
  An orc priest (D:4)
  2 orc wizards
  A hound skeleton (D:4)
  A howler monkey skeleton (D:4)
  An adder (D:3)
  3 oozes (D:3)
  3 dart slugs
  A leopard gecko (D:4)
  12 orcs
  A ball python (D:4)
  5 giant cockroaches
  6 goblins
  4 hobgoblins
  5 kobolds
  6 bats
  A frilled lizard (D:1)
  3 rats
62 creatures vanquished.

Grand Total: 72 creatures vanquished

Notes
Turn   | Place    | Note
-------+----------+-------------------------------------------
     0 | D:1      | Laiders72 the Deep Elf Summoner began the quest for the Orb.
     0 | D:1      | Reached XP level 1. HP: 10/10 MP: 6/6
   232 | D:1      | Reached XP level 2. HP: 13/15 MP: 6/8
   630 | D:1      | You fall through a shaft!
   644 | D:2      | You fall through a shaft for 2 floors!
   644 | D:4      | Noticed a scorpion
   662 | D:4      | Killed a scorpion
   662 | D:4      | Reached XP level 3. HP: 20/20 MP: 5/10
   674 | D:4      | Learned a level 2 spell: Call Imp
   678 | D:4      | Learned a level 3 spell: Call Canine Familiar
   960 | D:3      | Reached XP level 4. HP: 17/24 MP: 7/12
  1345 | D:3      | Reached skill level 5 in Summonings
  1951 | D:3      | Noticed a phantom
  2031 | D:3      | Killed a phantom
  2031 | D:3      | Reached skill level 1 in Fighting
  2031 | D:3      | Reached XP level 5. HP: 26/29 MP: 10/14
  2070 | D:3      | Noticed Laiders72's ghost (amateur DESu)
  2081 | D:3      | Killed Laiders72's ghost
  2119 | D:3      | Found a faded altar of an unknown god.
  2163 | D:3      | Reached skill level 5 in Spellcasting
  2506 | D:3      | Learned a level 4 spell: Summon Ice Beast
  2511 | D:3      | Learned a level 4 spell: Summon Lightning Spire
  2558 | D:4      | Noticed a centaur
  2814 | D:4      | Killed a centaur
  2824 | D:4      | Reached XP level 6. HP: 8/34 MP: 7/15
  3099 | D:4      | Slain by an ogre

Vault maps used:
D:1:      nzn_arrival_depleted_hourglass, nemelex_diamond_rough_becter
D:2:      grunt_temple_overflow_open
D:3:      chequers_ecumenical_altar_simple, roderic_batcave,
          minmay_misc_feat_diagonals, grunt_ministairs_6
D:4:      minmay_diamond_boxcup, overflow_temple_1_default, first_ration,
          trog_eyes_of_draining, uniq_duvessa

Skill      XL: |  1  2  3  4  5 |
---------------+----------------+-----
Stealth        | 3 |  3.8
Spellcasting   | 4 5 |  5.3
Summonings     | 5 |  5.5
Dodging        | 3 |  3.6
Fighting       | 1 |  1.4
Shields        | |  0.2
Ice Magic      | |  0.5
Air Magic      | |  0.5

Action                   |  1- 3 |  4- 6 || total
-------------------------+-------+-------++-------
Melee: Unarmed           |     8 |    13 ||    21
       Trident           |       |    21 ||    21
 Cast: Summon Small Mamm |    39 |    38 ||    77
       Call Canine Famil |     1 |     6 ||     7
       Call Imp          |       |    20 ||    20
  Use: Scroll            |       |     3 ||     3
       Potion            |       |     1 ||     1
  Eat: Chunk             |       |     7 ||     7
Armor: Robe              |    13 |    18 ||    31
Dodge: Dodged            |    32 |    57 ||    89
Block: Buckler           |       |    11 ||    11

Table legend:
 A = Spawn XP
 B = Non-spawn XP
 C = Spawn XP percentage of total XP
 D = Spawn monster count
 E = Non-spawn monster count
 F = Spawn count percentage of total count
 G = Total turns spent on level
                    A         B        C        D         E        F      G
               +---------+---------+-------+---------+---------+-------+---------
         Total |       0 |     423 |   0.0 |       0 |      72 |   0.0 |  3099
               +---------+---------+-------+---------+---------+-------+---------
           D:1 |       0 |      18 |   0.0 |       0 |      16 |   0.0 |   630
           D:2 |       0 |       1 |   0.0 |       0 |       1 |   0.0 |    14
           D:3 |       0 |     221 |   0.0 |       0 |      43 |   0.0 |  1711
           D:4 |       0 |     183 |   0.0 |       0 |      12 |   0.0 |   744
               +---------+---------+-------+---------+---------+-------+---------
